Map: Disco Bloodbath LE

Players

SOFII - Winner!

  • Race: Zerg Zerg
  • League: Diamond
  • Spawn Location: 3:00

SixNine

  • Race: Terran Terran
  • League: Diamond
  • Spawn Location: 9:00

VOD

Have the link to the VOD?

Description

Time

  • Played on: Nov. 19, 2019, 5:42 a.m.
  • Length: 4:20
Show
View Real Time Build Order
Export as new Build Order

SOFII Zerg - Winner!

Build Orders: Pool First 

Get SALT Encoding   

  12  0:01  Drone  
  13  0:12  Drone  
  14  0:25  Spawning Pool  
  13  0:29  Drone  
  14  0:37  Extractor  
  13  0:58  Hatchery  
  12  1:12  Zergling x4  
  14  1:18  Extractor  
  14  1:19  Zergling x2  
  15  1:26  Overlord  
  15  1:45  Drone, Metabolic Boost  
  16  1:47  Drone  
  17  1:59  Queen  
  19  2:07  Drone  
  19  2:08  Drone  
  21  2:17  Drone  
  21  2:18  Drone  
  21  2:22  Drone  
  24  2:28  Overlord  
  24  2:34  Drone  
  24  2:43  Drone x2  
  25  2:49  Queen  
  25  2:51  Zergling x2  
  27  2:54  Zergling x2  
  28  3:02  Zergling x2  
  28  3:05  Zergling x2  
  31  3:12  Zergling x2  
  31  3:15  Zergling x2  
  32  3:20  Zergling x6  
  35  3:28  Zergling x2  
  35  3:30  Overlord  
  35  3:33  Hatchery  
  35  3:35  Drone  
  36  3:45  Overlord  
  36  3:46  Roach Warren  
  36  3:48  Drone  
  36  3:49  Drone  
  36  3:52  Drone  
  38  3:58  Drone  
  38  3:59  Drone  
  38  4:01  Drone  
  41  4:04  Drone  
  41  4:07  Drone  
Show
View Real Time Build Order
Export as new Build Order

SixNine Terran 

Build Orders:  

Get SALT Encoding   

  12  0:00  SCV  
  13  0:13  SCV  
  14  0:17  Supply Depot  
  14  0:25  SCV  
  14  0:27  Refinery  
  15  0:38  SCV  
  16  0:45  Barracks  
  16  0:50  SCV  
  17  1:03  SCV  
  18  1:15  SCV  
  20  1:33  Reaper  
  20  1:34  Orbital Command  
  20  1:47  Command Center  
  20  1:56  Supply Depot  
  20  2:01  SCV  
  20  2:04  Marine  
  22  2:13  SCV  
  23  2:22  Marine  
  22  2:30  Factory  
  21  2:50  SCV  
  22  2:57  Barracks Reactor  
  22  3:04  SCV  
  23  3:14  Command Center  
  23  3:17  Factory Tech Lab  
  23  3:19  SCV  
  24  3:22  Refinery  
  24  3:28  Bunker  
  23  3:35  Orbital Command  
  23  3:44  Hellion  
  23  3:45  Hellion  
  23  3:48  SCV  
  28  4:00  SCV  
  29  4:05  Supply Depot  
Tags
 
Add a new tag
Caveats
  • Supply blocks, unpowered buildings, or Contaminate may cause inaccurate times.
  • Supply counts are checked every 10 seconds.